 Dungeon Crawl Stone Soup version 0.30.1-11-g7821555f0a (webtiles) character file.

Game seed: 2033836734916970378

723 RancidPinata the Sneak (level 7, -1/45 HPs)
             Began as a Gargoyle Delver on Dec 27, 2023.
             Slain by a steam dragon (9 damage)
             ... on level 6 of the Dungeon.
             The game lasted 00:19:37 (4800 turns).

RancidPinata the Sneak (Gargoyle Delver)            Turns: 4800, Time: 00:19:38

Health: -1/45      AC: 15    Str: 18 (20) XL:     7   Next: 71%
Magic:  7/7        EV: 11    Int:  7 (10) God:
Gold:   267        SH:  0    Dex: 10 (11) Spells: 6/6 levels left

rFire   . . .        C - +3 flail
rCold   . . .        (no shield)
rNeg    + . .        o - +0 ring mail
rPois   ∞            A - +0 helmet
rElec   +            (no cloak)
rCorr   .            (no gloves)
SInv    .            x - +2 pair of boots of Ynotix {Str+2}
Will    .....        (no amulet)
Stlth   ++           (no ring)
HPRegen 0.27/turn    (no ring)
MPRegen 0.10/turn

%: no passive effects
@: no status effects
A: sickness immunity, AC +4, negative energy resistance 1, electricity
resistance, torment resistance 1, petrification resistance, mutation resistance
1
a: no special abilities


You were on level 6 of the Dungeon.
You visited 1 branch of the dungeon, and saw 7 of its levels.

You collected 267 gold pieces.

Inventory:

Hand Weapons
 a - a +0 mace
 z - a +1 dire flail of draining
 C - a +3 flail (weapon)
 F - a +0 flail of draining
Missiles
 s - 34 stones (quivered)
 w - 11 poisoned darts
Armour
 o - a +0 ring mail (worn)
 v - a +0 kite shield
 x - the +2 pair of boots of Ynotix (worn) {Str+2}
   (You found it on level 4 of the Dungeon)

   Str:       It affects your strength (+2).
 A - a +0 helmet (worn)
Jewellery
 B - an amulet of faith
 D - a ring of willpower
Wands
 g - a wand of digging (3)
 h - a wand of flame (13)
Scrolls
 c - a scroll of fog
 d - 3 scrolls of magic mapping
 k - a scroll of acquirement {unknown}
 m - 3 scrolls of teleportation {unknown}
 n - 2 scrolls of noise {unknown}
 p - 3 scrolls of poison
 q - a scroll of enchant armour {unknown}
 y - a scroll of vulnerability {unknown}
 E - a scroll of immolation {unknown}
Potions
 b - 3 potions of lignification
 f - a potion of haste
 i - 2 potions of berserk rage
 j - a potion of magic


   Skills:
 * Level 5.9 Fighting
 + Level 3.5 Maces & Flails
 * Level 4.6 Armour
 + Level 2.9 Dodging
 + Level 6.5 Stealth


You had 6 spell levels left.
You didn't know any spells.
Your spell library contained the following spells:

 Spells                   Type           Power      Damage    Failure   Level
 Animate Armour           Summ/Erth      0%         N/A       100%        4
 Petrify                  Tmut/Erth      0%         N/A       100%        4
 Summon Ice Beast         Ice/Summ       0%         N/A       100%        4
 Summon Forest            Summ/Tloc      0%         N/A       100%        5
 Summon Mana Viper        Hex/Summ       0%         N/A       100%        5
 Malign Gateway           Summ/Tloc      0%         N/A       100%        7
 Monstrous Menagerie      Summ           0%         N/A       100%        7


Dungeon Overview and Level Annotations

Branches:
Dungeon (7/15)
 Temple: D:4-7

Altars:
Ashenzari
Nemelex Xobeh
Sif Muna
Trog
Vehumet

Annotations:
D:5 Prince Ribbit


Innate Abilities, Weirdness & Mutations

You are immune to sickness and miasma.
Your stone body is resilient. (AC +4)
You are immune to poison.
You resist negative energy. (rN+)
You are resistant to electric shocks. (rElec)
You are resistant to unholy torment.
You are immune to petrification.
You are somewhat resistant to further mutation.


Message History

You are engulfed in a cloud of scalding steam.
The bullfrog is engulfed in a cloud of scalding steam.
The bullfrog barely misses you.
The bullfrog is engulfed in a cloud of scalding steam.
The bullfrog hits you but does no damage.
The steam dragon bites you!
The steam dragon claws you but does no damage.
An orc comes into view. It is wielding a +0 hand axe.
You barely miss the steam dragon.
The steam dragon is moderately wounded.
The bullfrog is engulfed in a cloud of scalding steam.
The bullfrog closely misses you.
A kobold comes into view. It is wielding a +0 dagger.
The steam dragon bites you!
* * * LOW HITPOINT WARNING * * *
The steam dragon claws you but does no damage.
The bullfrog is engulfed in a cloud of scalding steam.
The bullfrog dies!
You hit the steam dragon.
The steam dragon is moderately wounded.
The steam dragon closely misses you. x2
The kobold brigand throws a poisoned dart.
The poisoned dart hits you!
The orc is engulfed in a cloud of scalding steam.
The orc dies!
You hit the steam dragon.
The steam dragon is heavily wounded.
The steam dragon bites you but does no damage.
The steam dragon claws you.
* * * LOW HITPOINT WARNING * * *
The steam dragon breathes steam at you. The ball of steam hits you.
* * * LOW HITPOINT WARNING * * *
You hear a shout!
You sock the steam dragon!
The steam dragon is almost dead.
You are engulfed in a cloud of scalding steam.
You hear a shout!
The steam dragon bites you!
You die...

.........#..###
#.#.####.# ....
#... ..#.# ...
###. #.#.# #.#
#.##.#.####.#
#....<....K.#
#....##)....#
#.### #DK...# #
#@K...# #§...<#
#######


You could see a steam dragon (catching breath), a kobold brigand and 2 kobolds.

Vanquished Creatures
  Eustachio (D:4)
  A black bear (D:4)
  A bullfrog (D:5)
  A scorpion (D:4)
  2 gnoll boudas
  3 iguanas (D:4)
  Jessica (D:3)
  6 gnolls (D:4)
  8 adders
  A worm (D:2)
  A dart slug (D:4)
  3 orcs
  6 bats
  10 endoplasms
  3 giant cockroaches
  6 goblins
  4 hobgoblins
  4 jackals (D:1)
  5 kobolds
  4 quokkas
  7 ball pythons
  A frilled lizard (D:2)
  5 rats
84 creatures vanquished.

Vanquished Creatures (others)
  A bullfrog (D:6)
  An orc (D:6)
2 creatures vanquished.

Grand Total: 86 creatures vanquished

Notes
Turn   | Place    | Note
-------+----------+-------------------------------------------
     0 | D:5      | RancidPinata the Gargoyle Delver began the quest for the
                  | Orb.
     0 | D:5      | Reached XP level 1. HP: 14/14 MP: 1/1
     1 | D:6      | Noticed a steam dragon
    18 | D:7      | Noticed a steam dragon
    19 | D:7      | Noticed a hound
    24 | D:5      | Noticed a gnoll bouda
    77 | D:5      | Noticed an iguana
    96 | D:5      | Noticed an iguana
   100 | D:4      | Noticed a black bear
   210 | D:2      | Got the Anthology of Inconstant Company
   302 | D:2      | Reached XP level 2. HP: 15/19 MP: 2/2
   412 | D:2      | Reached skill level 1 in Armour
   805 | D:2      | Reached XP level 3. HP: 24/24 MP: 3/3
  1257 | D:1      | Reached XP level 4. HP: 26/29 MP: 4/4
  1524 | D:1      | You fall into a shaft and drop 1 floor!
  1757 | D:3      | Noticed Jessica
  1766 | D:3      | Killed Jessica
  1898 | D:3      | Found a shimmering blue altar of Sif Muna.
  1969 | D:3      | Found a bloodstained altar of Trog.
  1972 | D:3      | Found a broken altar of Ashenzari.
  1973 | D:3      | Found a radiant altar of Vehumet.
  1973 | D:3      | Found a sparkling altar of Nemelex Xobeh.
  2493 | D:4      | Identified the +2 pair of boots of Ynotix {Str+2}
  2533 | D:4      | Killed a black bear
  2534 | D:4      | Reached XP level 5. HP: 25/34 MP: 5/5
  2764 | D:4      | Reached skill level 6 in Stealth
  2839 | D:4      | Reached XP level 6. HP: 40/40 MP: 6/6
  3372 | D:4      | Reached skill level 5 in Fighting
  3903 | D:5      | Noticed Eustachio
  4067 | D:4      | Reached XP level 7. HP: 18/44 MP: 7/7
  4282 | D:5      | Noticed Prince Ribbit
  4486 | D:4      | Gained mutation: You are somewhat resistant to further
                  | mutation. [potion of mutation]
  4509 | D:4      | Killed Eustachio
  4800 | D:6      | Slain by a steam dragon

Illustrated notes

Levels and vault maps discovered:
D:1:      dpeg_arrival_ternary, layout_rooms
D:2:      layout_loops_cross, hangedman_abyss_or_decor_stabs, amethyst_killhole,
          minivault_14, chequers_avenue
D:3:      layout_basic, led_sif_book, grunt_temple_overflow_open, uniq_jessica
D:4:      layout_gridville, grunt_decor_resistance, grunt_ministairs_10
D:5:      layout_cave_pools, minmay_temple_entry_waves, serial_park,
          serial_park_tiny_pond, serial_park_tiny_1, serial_park_tiny_2,
          serial_park_square3 [serial_park_minivault_5x5_4],
          serial_park_tiny_pond, serial_shops, nicolae_shop_tiny_waterfront,
          uniq_eustachio, uniq_duvessa, uniq_prince_ribbit1
D:6:      layout_loops_cross, lemuel_tele_altar
D:7:      layout_loops_cross, minmay_fractal_squares_diagonal_5, uniq_joseph

Skill      XL: |  1  2  3  4  5  6  7 |
---------------+----------------------+-----
Armour         | 1 2 3 4 |  4.6
Fighting       | 4 5 |  5.9
Dodging        | 2 |  2.9
Stealth        | 6 |  6.5
Maces & Flails | 3 |  3.5

Action                     |  1- 3 |  4- 6 |  7- 9 || total
---------------------------+-------+-------+-------++-------
  Melee: Mace              |   100 |    76 |       ||   176
         Punch             |     1 |     3 |     1 ||     5
         Dire flail        |       |    53 |       ||    53
         Flail             |       |    31 |    64 ||    95
    Use: Scroll            |     1 |     3 |     1 ||     5
         Potion            |       |       |     5 ||     5
   Stab: Sleeping          |     8 |     3 |       ||    11
 Armour: Leather armour    |    28 |       |       ||    28
         Ring mail         |    46 |    95 |    96 ||   237
  Dodge: Dodged            |    92 |   120 |   125 ||   337
